 Dungeon Crawl Stone Soup version 0.18.1-6-gd335043 (webtiles) character file.

149 namelastname112 the Chiller (level 5, -4/36 HPs)
             Began as a Draconian Ice Elementalist on May 15, 2016.
             Killed from afar by an orc wizard (6 damage)
             ... with a puff of frost
             ... on level 4 of the Dungeon.
             The game lasted 00:03:35 (2772 turns).

namelastname112 the Chiller (DrIE)                  Turns: 2772, Time: 00:03:35

Health: -4/36      AC:  5    Str:  9 (10) XL:     5   Next: 9%
Magic:  3/9        EV: 18    Int: 11 (14) God:
Gold:   197        SH:  0    Dex: 15 (17) Spells: 2 memorised, 6 levels left

rFire  . . .     SeeInvis .     g - +0 short sword
rCold  . . .     Gourm    .     (armour unavailable)
rNeg   . . .     Faith    .     (no shield)
rPois  +         Spirit   .     (helmet restricted)
rElec  .         Dismiss  .     (no cloak)
rCorr  .         Reflect  .     (no gloves)
SustAt .         Harm     .     (no boots)
MR     .....                    (no amulet)
Stlth  +++.......               (no ring)
                                (no ring)

@: agile, not resistant to hostile enchantments, fairly stealthy
A: unfitting armour, dopey 1, frail 1, poison resistance, cold-blooded, AC +5
a: no special abilities


You were on level 4 of the Dungeon.
You were near starving.

You visited 1 branch of the dungeon, and saw 4 of its levels.

You collected 197 gold pieces.

Inventory:

Hand Weapons
 g - a +0 short sword (weapon)
Wands
 o - a wand of flame (15/48)
Scrolls
 e - a scroll of fog {unknown}
 h - 2 scrolls of blinking {unknown}
 j - 2 scrolls of identify {unknown}
 k - 3 scrolls of enchant armour {unknown}
 l - 3 scrolls of teleportation {unknown}
 q - a scroll of magic mapping {unknown}
Potions
 c - 3 potions of degeneration
 f - a potion of might
 p - a potion of agility
Books
 a - a book of Frost

   Spells                             Type                      Level
   a - Freeze                         Ice                          1
   b - Throw Frost                    Conjuration/Ice              2
   c - Ozocubu's Armour               Charms/Ice                   3
   d - Throw Icicle                   Conjuration/Ice              4
   e - Summon Ice Beast               Ice/Summoning                4
Comestibles
 b - 4 bread rations
 m - 4 fruits
 n - 2 meat rations


   Skills:
 + Level 2.2 Fighting
 + Level 2.8 Dodging
 - Level 1.7 Stealth
 + Level 2.7 Spellcasting
 * Level 2.9 Conjurations
 - Level 3.0 Ice Magic


You had 6 spell levels left.
You knew the following spells:

 Your Spells              Type           Power        Failure   Level  Hunger
a - Throw Frost           Conj/Ice       #.....       14%         2    ###....
z - Freeze                Ice            #...         10%         1    #......


Dungeon Overview and Level Annotations

Branches:
Dungeon (4/15)
 Temple: D:4-7

Altars:
Elyvilon
Pakellas
The Shining One

Annotations:
D:3 Yehuk's ghost, novice GrFi


Innate Abilities, Weirdness & Mutations

Your plain brown scales are hard (AC +5).
Your body does not fit into most forms of armour.
You are cold-blooded and may be slowed by cold attacks.
You are dopey. (Int -2)
You are frail (-10% HP).
Your system is resistant to poisons.


Message History

The orc priest miscasts a cantrip.
You hit the orc priest but do no damage.
You tail-slap the orc priest, but do no damage.
The orc priest is heavily wounded.
The orc wizard points at you and mumbles some strange words.
The puff of frost misses you.
The orc priest invokes the aid of Beogh against you.
Beogh smites you!
* * * LOW HITPOINT WARNING * * *
You take 14 damage, and have 2/41 hp.
MASSIVE DAMAGE!!
Drink which item? (? for menu, Esc to quit)
It was a potion of mutation.
You feel extremely strange.
You feel frail.
You feel stupid.
You feel resistant to poisons.
The orc wizard gestures at you while chanting.
The magic dart hits you! The orc priest closely misses you.
You hit the orc priest but do no damage.
The orc priest is heavily wounded.
The orc wizard points at you and mumbles some strange words.
The puff of frost hits you!
You die...

....'.........................#
.>>.#.........................#
....#'#############.##..#######
#'##...##################
...#......(.............
...#...#...#...#...#...#
..##....................
##.....#...#...#)o.#...#
#............%.@o......
#.....#################
##........ ..######## .........
....# #........ #....+
#........ #....# #........
#######....#...##.... #........
#.<........#.........


You could see an orc priest and an orc wizard.

Vanquished Creatures
  A hound (D:4)
  An orc wizard (D:4)
  Ijyb (D:2)
  An adder (D:2)
  A worm (D:2)
  A dart slug (D:1)
  A giant gecko (D:2)
  4 orcs (D:4)
  6 bats
  3 giant cockroaches
  4 goblins
  4 hobgoblins (D:1)
  11 kobolds
  A quokka (D:2)
  3 giant newts
  3 rats
46 creatures vanquished.

Notes
Turn   | Place    | Note
--------------------------------------------------------------
     0 | D:1      | namelastname112 the Draconian Ice Elementalist began the quest for the Orb.
     0 | D:1      | Reached XP level 1. HP: 14/14 MP: 3/3
   488 | D:1      | Reached XP level 2. HP: 20/22 MP: 0/5
   492 | D:1      | Learned a level 2 spell: Throw Frost
   635 | D:1      | Reached skill level 1 in Fighting
  1188 | D:2      | Found a glowing golden altar of the Shining One.
  1188 | D:2      | Found an oddly glowing altar of Pakellas.
  1225 | D:2      | Reached XP level 3. HP: 9/28 MP: 1/6
  1739 | D:2      | Found a white marble altar of Elyvilon.
  2050 | D:2      | Noticed Ijyb
  2065 | D:2      | Killed Ijyb
  2065 | D:2      | Reached XP level 4. HP: 20/36 MP: 1/7
  2297 | D:3      | Noticed Yehuk's ghost (novice GrFi)
  2763 | D:4      | Reached XP level 5. HP: 20/41 MP: 2/9
  2770 | D:4      | HP: 2/41 [orc priest/divine providence (14)]
  2771 | D:4      | Gained mutation: You are frail (-10% HP). [potion of mutation]
  2771 | D:4      | Gained mutation: You are dopey. (Int -2) [potion of mutation]
  2771 | D:4      | Gained mutation: Your system is resistant to poisons. [potion of mutation]
  2772 | D:4      | Killed from afar by an orc wizard

Skill      XL: |  1  2  3  4 |
---------------+-------------+-----
Dodging        | 2 |  2.8
Fighting       | 1 2 |  2.2
Conjurations   | 2 |  2.9
Stealth        | |  1.7
Spellcasting   | |  2.7
Ice Magic      | |  3.0

Action                   |  1- 3 |  4- 6 || total
-------------------------+-------+-------++-------
Melee: Unarmed           |    11 |       ||    11
       Tailslap          |     1 |     3 ||     4
       Short sword       |    27 |    13 ||    40
 Cast: Freeze            |    51 |    29 ||    80
  Use: Potion            |       |     5 ||     5
 Stab: Sleeping          |     2 |       ||     2
  Eat: Chunk             |     4 |     1 ||     5
Armor: Skin              |    20 |    13 ||    33
Dodge: Dodged            |    53 |    30 ||    83
